 Dungeon Crawl Stone Soup version 0.22-a0-799-g88f5e90 (webtiles) character file.

135 sking99 the Ruffian (level 4, -1/38 HPs)
             Began as a Draconian Transmuter on July 21, 2018.
             Was an Initiate of Makhleb.
             Slain by an ogre
             ... wielding a +0 giant spiked club
              (11 damage)
             ... on level 4 of the Dungeon.
             The game lasted 00:07:11 (3749 turns).

sking99 the Ruffian (Draconian Transmuter)          Turns: 3749, Time: 00:07:12

Health: -1/38      AC:  5    Str: 13    XL:     4   Next: 97%
Magic:  4/7        EV: 12    Int: 13    God:    Makhleb [......]
Gold:   161        SH:  0    Dex: 12    Spells: 4/7 levels left

rFire    . . .     SeeInvis .     - Unarmed
rCold    . . .     Gourm    .   (no shield)
rNeg     . . .     Faith    .   (armour unavailable)
rPois    .         Spirit   .   (helmet restricted)
rElec    .         Reflect  .   (no cloak)
rCorr    .         Harm     .   (no gloves)
MR       .....                  (no boots)
Stlth    +.........             (no amulet)
HPRegen  0.12/turn              (no ring)
MPRegen  0.10/turn              (no ring)

@: no status effects
A: unfitting armour, cold-blooded, AC +5
a: Renounce Religion


You were on level 4 of the Dungeon.
You worshipped Makhleb.
Makhleb was noncommittal.
You were not hungry.

You visited 2 branches of the dungeon, and saw 5 of its levels.

You collected 161 gold pieces.

Inventory:

Missiles
 a - 97 arrows
Scrolls
 b - 3 scrolls of remove curse
 d - 2 scrolls of fear {unknown}
 e - a scroll of amnesia {unknown}
 g - 3 scrolls of fog
 k - 2 scrolls of enchant armour {unknown}
 l - a scroll of immolation {unknown}
 o - a scroll of random uselessness {unknown}
Potions
 f - 2 potions of curing {unknown}
 h - a potion of degeneration {unknown}
 i - a potion of invisibility
 m - a potion of magic {unknown}
 n - a potion of flight
Comestibles
 c - 2 rations


   Skills:
 + Level 3.0 Fighting
 - Level 1.7 Dodging
 * Level 5.0 Unarmed Combat
 - Level 2.0 Spellcasting
 - Level 2.0 Transmutations


You had 4 spell levels left.
You knew the following spells:

 Your Spells              Type           Power        Failure   Level  Hunger
a - Beastly Appendage     Tmut           #.....       11%         1    ##.....
b - Sticks to Snakes      Tmut           #.......     17%         2    ###....

Your spell library contained the following spells:

 Spells                   Type           Power        Failure   Level  Hunger
 Spider Form              Tmut/Pois      #.........   45%         3    ####...
 Blade Hands              Tmut           #.........   97%         5    ######.
 Ice Form                 Ice/Tmut       #.......     86%         4    #####..


Dungeon Overview and Level Annotations

Branches:
Dungeon (4/15)             Temple (1/1) D:4

Altars:
Ashenzari
Cheibriados
Dithmenos
Fedhas
Gozag
Hepliaklqana
Makhleb
Nemelex Xobeh
Qazlal
Sif Muna
Trog
Uskayaw
Wu Jian
Xom
Yredelemnul
The Shining One

Annotations:
D:3 1 runed door, WinstonMain's ghost, amateur TeFE
D:4 1 runed door, iamserjio's ghost, weakling TeFE


Innate Abilities, Weirdness & Mutations

Your plain brown scales are hard. (AC +5)
You cannot fit into any form of body armour.
You are cold-blooded and may be slowed by cold attacks.


Message History

The goblin skeleton hits you but does no damage.
The crimson imp hits you but does no damage.
You hit the goblin skeleton.
The goblin skeleton is almost destroyed.
The giant cockroach closely misses you.
Your ball python closely misses the ogre.
The crimson imp blinks!
The goblin skeleton hits you but does no damage.
The giant cockroach bites you.
* * * LOW HITPOINT WARNING * * *
The goblin zombie hits your ball python.
Your ball python dies!
The giant cockroach bites you but does no damage.
The kobold zombie barely misses you. The giant cockroach barely misses you.
The kobold zombie barely misses you. The giant cockroach barely misses you.
You hit the kobold zombie.
The kobold zombie is severely damaged.
The goblin zombie closely misses you.
The ogre hits you with a giant spiked club!
You die...

.#.#.#......'#.Z.'.._..'..
#... ..<#.##.....##..# ...
##.. .###.##.....##..# ..
#.. .....##.........# '###
#..
#######.....#...####.#.##.
#.....##............
#.....##............
#.....####.Z.......#
#.....# #@ZZ.......
#.....# #Os........
#.....# #.5........
####### #..........
#.........# #####......
.#...# .##.## .. .#


You could see an ogre, a crimson imp, a goblin zombie, a kobold zombie, a giant
cockroach and a goblin skeleton.

Vanquished Creatures
  A worker ant (D:4)
  2 adders
  An ooze (D:1)
  3 worms
  3 dart slugs
  5 leopard geckos
  A ball python (D:3)
  2 giant cockroaches (D:2)
  3 goblins
  6 hobgoblins
  5 jackals
  11 kobolds
  3 quokkas
  8 bats
  6 frilled lizards
  A goblin skeleton (D:4)
  A hobgoblin zombie (D:4)
  A kobold zombie (D:4)
  2 orc skeletons (D:4)
  6 rats
71 creatures vanquished.

Notes
Turn   | Place    | Note
-------+----------+-------------------------------------------
     0 | D:1      | sking99 the Draconian Transmuter began the quest for the Orb.
     0 | D:1      | Reached XP level 1. HP: 16/16 MP: 3/3
   131 | D:1      | Reached XP level 2. HP: 23/23 MP: 5/5
   633 | D:1      | Reached XP level 3. HP: 22/29 MP: 6/6
   639 | D:1      | Learned a level 2 spell: Sticks to Snakes
   904 | D:2      | Reached skill level 4 in Unarmed Combat
  1543 | D:2      | Reached XP level 4. HP: 37/37 MP: 7/7
  2471 | D:3      | Found a runed door.
  2475 | D:3      | Noticed WinstonMain's ghost (amateur TeFE)
  2583 | D:4      | Found a sparkling altar of Nemelex Xobeh.
  2634 | D:4      | Reached skill level 5 in Unarmed Combat
  3055 | D:4      | Found a staircase to the Ecumenical Temple.
  3102 | D:4      | Noticed an ogre
  3136 | Temple   | Entered the Ecumenical Temple
  3227 | Temple   | Became a worshipper of Makhleb the Destroyer
  3678 | D:4      | Found a runed door.
  3678 | D:4      | Found a shimmering altar of Xom.
  3678 | D:4      | Noticed a falchion of chaos
  3678 | D:4      | Noticed iamserjio's ghost (weakling TeFE)
  3713 | D:4      | Found a glowing golden altar of the Shining One.
  3749 | D:4      | Slain by an ogre

Vault maps used:
D:1:      dpeg_chamrin_arrival_tetris
D:3:      gammafunk_ghost_grave
D:4:      nemelex_xobeh_ov_fountains_minmay, nicolae_tso_besieged_by_evil,
          minmay_temple_entry_nine_rooms, ebering_ghost_xom,
          roderic_roman_lattice
Temple:   nicolae_temple_great_sept

Skill      XL: |  1  2  3  4 |
---------------+-------------+-----
Fighting       | 2 3 |  3.0
Unarmed Combat | 4 5 |  5.0
Dodging        | |  1.7
Spellcasting   | |  2.0
Transmutations | |  2.0

Action                   |  1- 3 |  4- 6 || total
-------------------------+-------+-------++-------
Melee: Unarmed           |   149 |   124 ||   273
       Tailslap          |    15 |     8 ||    23
       Headbutt          |     4 |       ||     4
       Punch             |     2 |     2 ||     4
 Cast: Beastly Appendage |     3 |       ||     3
       Sticks to Snakes  |       |     2 ||     2
  Use: Scroll            |       |     6 ||     6
 Stab: Sleeping          |       |     1 ||     1
  Eat: Chunk             |     2 |     5 ||     7
       Ration            |       |     1 ||     1
Armor: Skin              |    35 |    44 ||    79
Dodge: Dodged            |    85 |    81 ||   166

Table legend:
 A = Spawn XP
 B = Non-spawn XP
 C = Spawn XP percentage of total XP
 D = Spawn monster count
 E = Non-spawn monster count
 F = Spawn count percentage of total count
 G = Total turns spent on level
                    A         B        C        D         E        F      G
               +---------+---------+-------+---------+---------+-------+---------
         Total |       0 |     194 |   0.0 |       0 |      71 |   0.0 |  3749
               +---------+---------+-------+---------+---------+-------+---------
           D:1 |       0 |      45 |   0.0 |       0 |      22 |   0.0 |   858
           D:2 |       0 |      67 |   0.0 |       0 |      27 |   0.0 |   935
           D:3 |       0 |      38 |   0.0 |       0 |      15 |   0.0 |   790
           D:4 |       0 |      44 |   0.0 |       0 |       7 |   0.0 |  1064
               +---------+---------+-------+---------+---------+-------+---------
